 Dungeon Crawl Stone Soup version 0.14-a0-1029-g9530a8b (webtiles) character file.

9934 PolkaDot the Conjurer (level 11, -11/58 (68) HPs)
             Began as a Vampire Conjurer on Nov 23, 2013.
             Was the Champion of Sif Muna.
             Mangled by a giant slug (19 damage)
             ... on Level 2 of the Lair of Beasts.
             The game lasted 01:11:47 (14182 turns).

PolkaDot the Conjurer (Vampire Conjurer)           Turns: 14182, Time: 01:11:47

HP -11/58 (68)   AC 10     Str  7      XL: 11   Next: 22%
MP   6/25        EV 12     Int 24      God: Sif Muna [******]
Gold 550         SH  0     Dex 14      Spells:  8 memorised,  2 levels left

Res.Fire  : x . .   See Invis. : +   w - staff of conjuration
Res.Cold  : + + .   Warding    : .   f - +2 elf robe {rC+}
Life Prot.: + . .   Conserve   : .   (no shield)
Res.Poison: .       Res.Corr.  : +   t - +2 winged helmet
Res.Elec. : .       Clarity    : .   (no cloak)
Sust.Abil.: . .     Spirit.Shd : .   (no gloves)
Res.Mut.  : .       Stasis     : .   y - +2 pair of boots "Hickam" {Int+4 Acc+5}
Res.Rott. : .       Flight     : .   v - cursed amulet of resist corrosion
Saprovore : . . .                    (no ring)
                                     C - ring of ice

@: somewhat resistant to hostile enchantments, stealthy
A: bottle blood, fangs 3, see invisible, unbreathing
a: Bat Form, Bottle Blood, Channel Energy, Forget Spell, Renounce Religion


You were on level 2 of the Lair of Beasts.
You worshipped Sif Muna.
Sif Muna was exalted by your worship.
You were not thirsty.

You visited 2 branches of the dungeon, and saw 10 of its levels.

You collected 550 gold pieces.

Inventory:

Armour
 f - a +2 elven robe of cold resistance (worn)
 t - a +2 winged helmet (worn)
 y - the +2 pair of boots "Hickam" (worn) {Int+4 Acc+5}
   (You found it on level 7 of the Dungeon)

   It affects your intelligence (+4).
   It affects your accuracy (+5).
Magical devices
 i - a wand of frost (11)
 r - a wand of digging (0)
Scrolls
 a - a scroll of enchant weapon I {unknown}
 b - a scroll of enchant weapon II
 d - 2 scrolls of remove curse
 e - a scroll of fear {unknown}
 g - 14 scrolls of identify
 h - a scroll of fog {unknown}
 j - a scroll of recharging {unknown}
 l - a scroll of magic mapping {unknown}
 n - a scroll of curse armour {unknown}
 u - a scroll of amnesia
 z - a scroll of curse weapon {unknown}
Jewellery
 v - a cursed amulet of resist corrosion (around neck)
 C - a ring of ice (left hand)
Potions
 m - 4 potions of restore abilities
 A - 2 potions of curing
 B - a potion of heal wounds
 D - a potion of agility {unknown}
Books
 c - a book of Conjurations

   Spells                             Type                      Level
   *Magic Dart                        Conjuration                  1
   *Searing Ray                       Conjuration                  2
   Dazzling Spray                     Conjuration/Hexes            3
   *Iskenderun's Mystic Blast         Conjuration                  4
   *Iskenderun's Battlesphere         Conjuration/Charms           4
   Fulminant Prism                    Conjuration/Hexes            5
 k - a book of Spatial Translocations

   Spells                             Type                      Level
   Apportation                        Translocation                1
   Portal Projectile                  Translocation                2
   *Blink                             Translocation                2
   Shroud of Golubria                 Charms/Translocation         2
   Teleport Other                     Translocation                3
   Passage of Golubria                Translocation                4
 o - Sif Muna's Collected Works on Confrontation
   (Sif Muna gifted it to you on level 8 of the Dungeon)

   Spells                             Type                      Level
   *Magic Dart                        Conjuration                  1
   *Throw Frost                       Conjuration/Ice              2
   *Conjure Flame                     Conjuration/Fire             3
   Sticky Flame                       Conjuration/Fire             4
   Ice Storm                          Conjuration/Ice              9
 p - a book of Burglary

   Spells                             Type                      Level
   Apportation                        Translocation                1
   *Swiftness                         Charms/Air                   2
   Passwall                           Transmutation/Earth          3
   Passage of Golubria                Translocation                4
   Lee's Rapid Deconstruction         Earth                        5
   Darkness                           Hexes                        7
 x - a book of Unlife

   Spells                             Type                      Level
   Recall                             Summoning/Translocation      3
   Animate Dead                       Necromancy                   4
   Control Undead                     Necromancy                   4
   Twisted Resurrection               Necromancy                   5
   Death Channel                      Necromancy                   6
   Simulacrum                         Ice/Necromancy               6
Magical staves
 q - an uncursed staff of wizardry
 w - an uncursed staff of conjuration (weapon)


   Skills:
 - Level 2.1 Dodging
 - Level 3.0 Stealth
 - Level 6.4 Spellcasting
 + Level 10.3 Conjurations
 - Level 7.0 Charms
 + Level 3.7 Ice Magic
 * Level 6.2 Air Magic


You had 2 spell levels left.
You knew the following spells:

 Your Spells              Type           Power        Failure   Level  Hunger
a - Throw Frost           Conj/Ice       ######       1%          2    None
c - Conjure Flame         Conj/Fire      ####....     2%          3    #......
d - Iskenderun's Mystic   Conj           ######..     1%          4    ###....
q - Blink                 Tloc           N/A          12%         2    None
s - Searing Ray           Conj           ######       1%          2    None
x - Iskenderun's Battles  Conj/Chrm      ######..     2%          4    ###....
z - Magic Dart            Conj           ####         1%          1    None
S - Swiftness             Chrm/Air       #####.....   1%          2    None


Dungeon Overview and Level Annotations

Branches:
Dungeon (8/16)             Temple (0/1) D:7            Lair (2/8) D:8

Altars:
Ashenzari
Cheibriados
Elyvilon
Fedhas
Okawaru
Sif Muna
Vehumet
Xom

Shops:
D:7 +*


Innate Abilities, Weirdness & Mutations

You can bottle blood from corpses.
You have razor-sharp teeth.*
You have supernaturally acute eyesight.
You can survive without breathing.*


Message History

The giant slug is severely wounded.
Your battlesphere fires!
The barrage of energy hits the crocodile.
You kill the crocodile!
Casting: Iskenderun's Mystic Blast
Confirm with . or Enter, or press ? or * to list all spells.
Aiming: Iskenderun's Mystic Blast
Press: ? - help, Shift-Dir - straight line, f - giant slug
Aim: a giant slug (heavily wounded)
You feel a surge of power!
The orb of energy hits the giant slug.
The giant slug is severely wounded.
The orb of energy explodes!
The mystic blast hits the giant slug.
The giant slug is almost dead.
Your battlesphere fires!
The barrage of energy hits the giant slug.
The giant slug is almost dead.
The giant slug bites you!
* * * LOW HITPOINT WARNING * * *
The giant slug bites you!
You die...

... .........
...........
....)........
...............
...............
...............
.>...............
.......%@j.......
.......%j........
...$...........
...............
.........*.....
.............
...........
......... ...


You could see 2 giant slugs.

Vanquished Creatures
  Fannar (Lair:1)
  Grinder (D:6)
  4 komodo dragons
  11 yaks
  A hippogriff (D:8)
  Eustachio (D:6)
  A steam dragon (D:8)
  A manticore (D:6)
  A hungry ghost (D:7)
  2 orc warriors
  6 necrophages
  2 porcupines (Lair:1)
  6 ogres
  2 sky beasts (D:8)
  2 centaurs
  3 phantoms
  An ice beast (D:6)
  4 crocodiles
  Sigmund (D:6)
  Duvessa (D:6)
  3 water moccasins (Lair:1)
  5 giant frogs
  A hippogriff zombie (D:7)
  10 killer bees
  A yak zombie (D:8)
  A goliath beetle (D:8)
  Dowan (D:6)
  6 crimson imps
  A giant frog zombie (D:6)
  5 iguanas
  3 orc priests
  2 scorpions
  3 hounds
  6 worker ants
  6 orc wizards
  A sky beast zombie (D:8)
  Jessica (D:3)
  An ogre skeleton (D:7)
  A worker ant zombie (D:7)
  9 adders
  4 gnolls (D:6)
  24 green rats (Lair:1)
  2 giant mites
  A goliath beetle zombie (D:8)
  2 worms
  4 giant eyeballs
  2 oozes
  35 orcs
  13 goblins
  13 hobgoblins
  3 jackals
  22 kobolds
  3 quokkas (Lair:1)
  11 bats
  3 giant cockroaches
  8 giant geckos
  6 giant newts
  3 hobgoblin skeletons
  An orc zombie (D:6)
  13 rats
  A plant (D:7)
293 creatures vanquished.

Vanquished Creatures (others)
  2 jackals (D:4)
  A bush (D:7)
  4 plants
7 creatures vanquished.

Grand Total: 300 creatures vanquished

Notes
Turn   | Place    | Note
--------------------------------------------------------------
     0 | D:1      | PolkaDot, the Vampire Conjurer, began the quest for the Orb.
     0 | D:1      | Reached XP level 1. HP: 13/13 MP: 4/4
   254 | D:1      | Reached XP level 2. HP: 19/19 MP: 2/5
   588 | D:2      | Learned a level 2 spell: Searing Ray
   713 | D:2      | Reached XP level 3. HP: 11/24 MP: 0/6
  1150 | D:2      | Found an iron altar of Okawaru.
  1169 | D:2      | Reached skill level 4 in Conjurations
  1449 | D:2      | Found a snail-covered altar of Cheibriados.
  1609 | D:2      | Reached XP level 4. HP: 30/30 MP: 2/8
  3232 | D:3      | Noticed Jessica
  3261 | D:3      | Killed Jessica
  3261 | D:3      | Reached XP level 5. HP: 22/35 MP: 5/9
  3448 | D:3      | Found a deep blue altar of Sif Muna.
  3448 | D:3      | Found a shimmering altar of Xom.
  3516 | D:3      | Became a worshipper of Sif Muna the Loreminder
  3682 | D:4      | Reached skill level 5 in Conjurations
  4383 | D:4      | Found a radiant altar of Vehumet.
  4771 | D:4      | Reached XP level 6. HP: 26/41 MP: 2/10
  5172 | D:5      | Entered Level 5 of the Dungeon
  5182 | D:5      | Found a white marble altar of Elyvilon.
  5290 | D:6      | Acquired Sif Muna's first power
  5351 | D:6      | Reached skill level 6 in Conjurations
  5753 | D:6      | Learned a level 4 spell: Iskenderun's Mystic Blast
  5771 | D:6      | Noticed Sigmund
  5799 | D:6      | Killed Sigmund
  5860 | D:6      | Noticed a manticore
  6059 | D:6      | Reached XP level 7. HP: 33/46 MP: 4/12
  6263 | D:6      | Learned a level 2 spell: Swiftness
  6396 | D:6      | Noticed Grinder
  6412 | D:6      | Killed Grinder
  6412 | D:6      | Acquired Sif Muna's second power
  6412 | D:6      | Reached skill level 7 in Conjurations
  7105 | D:6      | Noticed Duvessa
  7168 | D:6      | Noticed Dowan
  7185 | D:6      | Killed Duvessa
  7185 | D:6      | Reached XP level 8. HP: 18/52 MP: 3/17
  7192 | D:6      | HP: 2/52 [Dowan/stone arrow (6)]
  7545 | D:6      | Killed Dowan
  7673 | D:6      | Noticed Eustachio
  7681 | D:6      | Learned a level 4 spell: Iskenderun's Battlesphere
  7727 | D:6      | Killed Eustachio
  7727 | D:6      | Reached skill level 1 in Charms
  7926 | D:6      | Noticed a necrophage
  7930 | D:6      | Killed a necrophage
  7960 | D:6      | Killed a manticore
  8073 | D:6      | Reached skill level 8 in Conjurations
  8691 | D:7      | Learned a level 2 spell: Blink
  8699 | D:7      | Reached XP level 9. HP: 57/57 MP: 7/20
  8834 | D:7      | Acquired Sif Muna's third power
  8956 | D:7      | Found Blowaeva's Assorted Antiques.
  8965 | D:7      | Got a pair of crude boots
  8969 | D:7      | Identified the +2 pair of boots "Hickam" {Int+4 Acc+5} (You found it on level 7 of the Dungeon)
  9085 | D:7      | Found Traexim's Book Emporium.
  9227 | D:7      | Found a shattered altar of Ashenzari.
  9283 | D:7      | Reached skill level 5 in Spellcasting
  9453 | D:7      | Reached skill level 9 in Conjurations
  9611 | D:7      | Found a blossoming altar of Fedhas.
  9685 | D:7      | Found a staircase to the Ecumenical Temple.
  9936 | D:7      | Reached skill level 5 in Charms
 10426 | D:8      | Reached XP level 10. HP: 50/53 MP: 15/23
 10886 | D:8      | Somebody: Hi.
 10894 | D:8      | Somebody: How's you vampiric business going?
 10894 | D:8      | PolkaDot: Hey hey
 10894 | D:8      | PolkaDot: quite well
 10894 | D:8      | Somebody: I have finally got a character I am satisfied with.
 10894 | D:8      | PolkaDot: I've got the strategy down to a t for before Lair
 10894 | D:8      | PolkaDot: Ohhh?
 10894 | D:8      | Somebody: Surprisingly enough, it's a demigod.
 10894 | D:8      | Somebody: Come take a look.
 10894 | D:8      | PolkaDot: I'mma clear D:8 and jump over :)
 10894 | D:8      | Somebody: See you.
 10914 | D:8      | Somebody: Want to show me anything here?
 10915 | D:8      | PolkaDot: The only thing of note is my boots
 10915 | D:8      | PolkaDot: everything else is meh :3
 10915 | D:8      | Somebody: Impressive.
 10915 | D:8      | PolkaDot: Int is always welcome ^_^
 10916 | D:8      | Somebody: I could use a good pair of boots myself. :p This one would be adequate.
 10926 | D:8      | PolkaDot: xD
 10926 | D:8      | PolkaDot: :p
 11443 | D:8      | Reached skill level 10 in Conjurations
 11452 | D:8      | Received a gift from Sif Muna
 11455 | D:8      | Identified Sif Muna's Collected Works on Confrontation (Sif Muna gifted it to you on level 8 of the Dungeon)
 12027 | D:8      | Reached skill level 1 in Air Magic
 12040 | D:8      | Learned a level 3 spell: Conjure Flame
 12264 | D:8      | Paralysed by a giant eyeball for 2 turns
 12489 | D:8      | Found a staircase to the Lair.
 12529 | D:8      | Learned a level 2 spell: Throw Frost
 12530 | Lair:1   | Entered Level 1 of the Lair of Beasts
 12584 | Lair:1   | Reached skill level 1 in Ice Magic
 13076 | Lair:1   | Noticed Fannar
 13090 | Lair:1   | Killed Fannar
 13090 | Lair:1   | Reached skill level 5 in Air Magic
 13311 | Lair:1   | Reached XP level 11. HP: 58/58 MP: 14/25
 14010 | Lair:2   | Received a gift from Sif Muna
 14182 | Lair:2   | Mangled by a giant slug

Action                   |  1- 3 |  4- 6 |  7- 9 | 10-12 || total
-------------------------+-------+-------+-------+-------++-------
Melee: Dagger            |    23 |    80 |    25 |       ||   128
       Staff             |       |       |     4 |    35 ||    39
 Cast: Magic Dart        |    46 |    35 |    43 |    40 ||   164
       Searing Ray       |     7 |    34 |    73 |    21 ||   135
       Iskenderun's Myst |       |       |    13 |    56 ||    69
       Iskenderun's Batt |       |       |    13 |    19 ||    32
       Swiftness         |       |       |     3 |     1 ||     4
       Throw Frost       |       |       |       |    14 ||    14
       Conjure Flame     |       |       |       |     3 ||     3
Invok: Channel Energy    |       |       |    17 |    15 ||    32
 Abil: End Transformatio |       |       |     1 |       ||     1
       Bat Form          |       |       |     1 |       ||     1
Evoke: Wand              |       |       |       |     1 ||     1
  Use: Potion            |     1 |     9 |     1 |       ||    11
       Scroll            |       |     3 |     8 |     1 ||    12
 Stab: Sleeping          |       |     2 |     1 |       ||     3
